 Dungeon Crawl Stone Soup version 0.30.1 (webtiles) character file.

Game seed: 7689570465313454358

830 Ijustatesigmund the Shield-Bearer (level 7, 0/46 HPs)
             Began as an Octopode Artificer on July 13, 2023.
             Killed by vampiric draining
             ... invoked by a vampire
              (17 damage)
             ... on level 6 of the Dungeon.
             The game lasted 00:12:42 (4837 turns).

Ijustatesigmund the Shield-Bearer (OpAr)            Turns: 4837, Time: 00:12:42

Health: 0/46       AC:  1    Str: 11    XL:     7   Next: 97%
Magic:  10/10      EV: 11    Int: 16    God:
Gold:   308        SH: 14    Dex: 12    Spells: 11/11 levels left

rFire   + + .        e - +0 war axe (vamp)
rCold   + . .        f - +0 kite shield of the Enchanted Forest {+Inv rF++ rC+}
rNeg    . . .        (helmet restricted)
rPois   .            o - amulet of reflection
rElec   .            (no ring)
rCorr   .            (no ring)
SInv    .            (no ring)
Will    .....        (no ring)
Stlth   +++          (no ring)
HPRegen 0.27/turn    (no ring)
MPRegen 0.12/turn    (no ring)
                     (no ring)

%: reflection
@: hasted, studying Shields, invisible, very quick
A: almost no armour, amphibious, 8 rings, camouflage 1, gelatinous body 1,
(nimble swimmer 1), tentacles
a: Evoke Invisibility


You were on level 6 of the Dungeon.
You visited 1 branch of the dungeon, and saw 6 of its levels.

You collected 308 gold pieces.

Inventory:

Hand Weapons
 a - a +2 dagger of venom
 e - a +0 vampiric war axe (weapon)
 l - a +1 flail of flaming
Armour
 f - the +0 kite shield of the Enchanted Forest (worn) {+Inv rF++ rC+}
   (You acquired it on level 2 of the Dungeon)

   rF:        It greatly protects you from fire.
   rC:        It protects you from cold.
   +Inv:      It lets you turn invisible.
Jewellery
 j - an amulet of magic regeneration
 o - an amulet of reflection (around mantle)
Wands
 b - a wand of flame (30) (quivered)
 c - a wand of charming (22)
 d - a wand of iceblast (3)
 r - a wand of roots (3)
Scrolls
 k - 3 scrolls of teleportation
 n - a scroll of immolation
 q - a scroll of poison
Potions
 h - a potion of flight
 i - 4 potions of brilliance
 p - a potion of cancellation
 s - a potion of ambrosia
 t - a potion of curing {unknown}
 u - a potion of lignification {unknown}
 v - a potion of heal wounds {unknown}


   Skills:
 - Level 3.6 Fighting
 + Level 4.6 Axes
 - Level 2.3 Dodging
 - Level 1.3 Stealth
 + Level 6.4 Shields
 - Level 2.5 Spellcasting
 - Level 3.2 Evocations


You had 11 spell levels left.
You didn't know any spells.
Your spell library contained the following spells:

 Spells                   Type           Power      Damage    Failure   Level
 Ensorcelled Hibernation  Hex/Ice        4%         N/A       71%         2
 Passwall                 Tmut/Erth      1%         N/A       71%         2
 Sublimation of Blood     Necr           2%         N/A       71%         2
 Dazzling Flash           Conj/Hex       4%         N/A       90%         3
 Swiftness                Air            2%         N/A       90%         3
 Animate Dead             Necr           2%         N/A       100%        4
 Petrify                  Tmut/Erth      2%         N/A       100%        4
 Agony                    Necr           2%         N/A       100%        5
 Borgnjor's Vile Clutch   Necr/Erth      1%         N/A       100%        5
 Irradiate                Conj/Tmut      1%         3d12      100%        5
 Silence                  Hex/Air        1%         N/A       100%        5
 Death Channel            Necr           1%         N/A       100%        6


Dungeon Overview and Level Annotations

Branches:
Dungeon (6/15)
 Temple: D:4-7

Altars:
Elyvilon
Nemelex Xobeh

Annotations:
D:3 3 runed translucent doors, Descartes's ghost, amateur DECj


Innate Abilities, Weirdness & Mutations

You cannot wear most types of armour.
You are amphibious.
You can wear up to eight rings at the same time.
Your skin changes colour to match your surroundings (Stealth+).
Your rubbery body absorbs attacks. (AC +1, EV +1)
((You are camouflaged when in or above water. (Stealth+)))
You have tentacles for arms and can constrict up to eight enemies at once.


Message History

You hit the vampire. Your grab misses the vampire.
The vampire is lightly damaged.
You block the vampire's attack. x2
You hit the vampire but do no damage. Your grab misses the vampire.
You squeeze the vampire, but do no damage.
The vampire is lightly damaged.
You block the vampire's attack. The vampire barely misses you.
The vampire closely misses you. The vampire bites you!
The vampire draws strength from your injuries!
You hit the vampire. Your grab misses the vampire.
You squeeze the vampire, but do no damage.
The vampire is lightly damaged.
The vampire hits you. The vampire barely misses you.
You hit the vampire but do no damage. Your grab misses the vampire.
Your squeeze misses the vampire.
The vampire is lightly damaged.
You block the vampire's attack. x2; The vampire closely misses you.
You block the vampire's attack.
You fade into invisibility!
The vampire misses you. You block the vampire's attack.
You completely miss the vampire. You grab the vampire.
The vampire is lightly damaged.
You constrict the vampire. The vampire barely misses you.
The vampire bites you.
The vampire draws strength from your injuries!
You hit the vampire.
The vampire is moderately damaged.
You constrict the vampire. You block the vampire's attack. x2
You hit the vampire but do no damage.
The vampire is moderately damaged.
You constrict the vampire. The vampire draws life force from you!
The vampire is healed by the life force!
You block the vampire's attack. The vampire bites you.
The vampire draws strength from your injuries!
You hit the vampire. You squeeze the vampire!
The vampire is heavily damaged.
You constrict the vampire. You block the vampire's attack. x2
You feel yourself speed up.
You constrict the vampire. The vampire draws life force from you!
You die...

######## ##
#<...#.#####.#
..
####.#.......#
#.
#....##.#####
.. #.#.....#
#.###.#.#####
#.V@<.#.#
####.##.#
#.##.. #.....
...... .###.
#W .# #. #


You could see a vampire.

Vanquished Creatures
  3 black bears (D:5)
  An ogre (D:5)
  A scorpion (D:5)
  A jelly (D:5)
  2 hounds (D:5)
  3 iguanas
  An orc wizard (D:5)
  Natasha (D:3)
  8 gnolls
  2 adders
  2 ufetubi (D:5)
  3 worms
  2 dart slugs (D:4)
  7 orcs
  6 ball pythons
  6 bats
  6 endoplasms
  8 goblins
  9 hobgoblins
  A jackal (D:2)
  5 kobolds
  4 quokkas
  4 frilled lizards
  3 rats
89 creatures vanquished.

Vanquished Creatures (collateral kills)
  2 gnolls (D:2)
2 creatures vanquished.

Vanquished Creatures (others)
  2 minotaurs (D:1)
  A draconian (D:1)
  An octopode (D:1)
  2 gargoyles (D:1)
  An elf (D:1)
  A troll (D:1)
  A spriggan (D:1)
  A human (D:1)
  A naga (D:1)
  An ogre (D:1)
  An adder (D:5)
  A gnoll (D:2)
  3 orcs (D:1)
  9 tentacles (D:1)
26 creatures vanquished.

Grand Total: 117 creatures vanquished

Notes
Turn   | Place    | Note
-------+----------+-------------------------------------------
     0 | D:1      | Ijustatesigmund the Octopode Artificer began the quest for
                  | the Orb.
     0 | D:1      | Reached XP level 1. HP: 13/13 MP: 1/1
     2 | D:1      | Noticed a minotaur
     2 | D:1      | Noticed a gargoyle
     2 | D:1      | Noticed a human
     2 | D:1      | Noticed a minotaur
     2 | D:1      | Noticed a naga
     2 | D:1      | Noticed a kraken
     2 | D:1      | Noticed a spriggan
     2 | D:1      | Noticed an octopode
     2 | D:1      | Noticed an ogre
     2 | D:1      | Noticed a troll
     2 | D:1      | Noticed a draconian
     2 | D:1      | Noticed a gargoyle
     2 | D:1      | Noticed an elf
     2 | D:1      | Killed a naga
     8 | D:1      | Killed a minotaur
    10 | D:1      | Killed an octopode
    12 | D:1      | Killed a gargoyle
    13 | D:1      | Killed a gargoyle
    14 | D:1      | Killed a human
    15 | D:1      | Killed a draconian
    18 | D:1      | Killed a minotaur
    25 | D:1      | Killed an ogre
    26 | D:1      | Killed a spriggan
    26 | D:1      | Killed a troll
    27 | D:1      | Killed an elf
   208 | D:1      | Reached XP level 2. HP: 16/18 MP: 3/3
   234 | D:1      | Reached skill level 1 in Spellcasting
   793 | D:2      | Reached XP level 3. HP: 17/24 MP: 3/5
   823 | D:2      | Reached XP level 4. HP: 10/30 MP: 5/7
  1362 | D:2      | Identified a scroll of acquirement
  1362 | D:2      | Acquired the +0 kite shield of the Enchanted Forest {+Inv
                  | rF++ rC+}
  2235 | D:3      | Reached XP level 5. HP: 36/36 MP: 8/8
  2440 | D:3      | Reached skill level 1 in Shields
  2444 | D:3      | Noticed Natasha
  2448 | D:3      | Killed Natasha
  2454 | D:3      | Found a runed translucent gate.
  2454 | D:3      | Found a runed translucent gate.
  2458 | D:3      | Found a runed translucent gate.
  2458 | D:3      | Noticed Descartes's ghost (amateur DECj)
  2461 | D:3      | Identified the +3 scale mail "Daunook" {Will+ Int+5}
  3053 | D:4      | Reached skill level 1 in Axes
  3053 | D:4      | Reached skill level 2 in Shields
  3202 | D:5      | Entered Level 5 of the Dungeon
  3214 | D:5      | Reached XP level 6. HP: 38/42 MP: 9/9
  3256 | D:5      | Noticed a black bear
  3266 | D:5      | Killed a black bear
  3267 | D:5      | Reached skill level 3 in Shields
  3647 | D:5      | Acquired a manual of Shields
  3696 | D:5      | Reached skill level 4 in Shields
  3696 | D:5      | Reached XP level 7. HP: 46/46 MP: 10/10
  3706 | D:5      | Found a sparkling altar of Nemelex Xobeh.
  3813 | D:5      | Identified the +0 leather armour of Ru's Favour {Rampage
                  | rElec Str+4 Slay-4}
  3865 | D:5      | Found a white marble altar of Elyvilon.
  4050 | D:5      | Reached skill level 5 in Shields
  4305 | D:5      | Reached skill level 6 in Shields
  4826 | D:6      | Noticed a vampire
  4837 | D:6      | Killed from afar by a vampire

Illustrated notes

Levels and vault maps discovered:
D:1:      nicolae_arrival_kraken_aquarium_b, layout_loops_ring,
          dk_noncrumbling_4, minivault_14, minmay_misc_feat_room,
          serial_bayou_ford_a, minmay_misc_feat_enclosed,
          chequers_serial_rivers_micro_d
D:2:      layout_basic, minmay_misc_feat_rows
D:3:      layout_loops_cross, biasface_ghost_orc_armoury,
          kennysheep_generic_room_3, uniq_natasha
D:4:      layout_cave_pools
D:5:      layout_loops_ring, mainiacjoe_overflow_surrounded_room,
          nemelex_dance_club_becter, kennysheep_diamond
D:6:      layout_basic, chequers_temple_overflow_statue_of_worship,
          minmay_temple_entry_large_hall, serial_bayou_pond_b,
          hangedman_decor_slide_cut, kennysheep_generic_room_15

Skill      XL: |  1  2  3  4  5  6  7 |
---------------+----------------------+-----
Spellcasting   | 1 2 |  2.5
Fighting       | 2 3 |  3.6
Shields        | 2 4 6 |  6.4
Axes           | 1 3 4 |  4.6
Dodging        | |  2.3
Stealth        | |  1.3
Evocations     | |  3.2

Action                     |  1- 3 |  4- 6 |  7- 9 || total
---------------------------+-------+-------+-------++-------
  Melee: Dagger            |    34 |    46 |       ||    80
         Constrict         |     7 |    34 |     8 ||    49
         Club              |     2 |       |       ||     2
         Tentacles         |     4 |    29 |    13 ||    46
         War axe           |       |    49 |    43 ||    92
         Punch             |       |       |     1 ||     1
  Evoke: Wand              |     3 |     4 |     4 ||    11
    Use: Scroll            |       |    13 |     4 ||    17
         Potion            |       |       |     2 ||     2
   Stab: Sleeping          |     7 |     5 |     2 ||    14
 Armour: Skin              |     5 |     3 |     1 ||     9
  Dodge: Dodged            |    17 |    40 |    19 ||    76
  Block: Kite shield       |       |    35 |    47 ||    82
         Reflection        |       |     1 |       ||     1
